 Dungeon Crawl Stone Soup version 0.29-a0-909-g30c7767f5c (webtiles) character file.

Game seed: 11354318111246037794

249 Garessta the Trooper (level 5, 0/46 HPs)
             Began as a Demigod Warper on July 25, 2022.
             Succumbed to an orc's poison
             ... on level 3 of the Dungeon.
             The game lasted 00:07:51 (3912 turns).

Garessta the Trooper (Demigod Warper)               Turns: 3912, Time: 00:07:51

Health: 0/46       AC: 12    Str: 12    XL:     5   Next: 56%
Magic:  10/10      EV:  7    Int: 15    God:
Gold:   141        SH:  0    Dex: 17    Spells: 5/7 levels left

rFire   . . .      SeeInvis .   a - +0 falchion
rCold   . . .      Faith    .   (no shield)
rNeg    + . .      Spirit   .   i - +0 plate armour
rPois   .          Reflect  .   (no helmet)
rElec   .          Harm     .   q - +0 cloak
rCorr   .          Rampage  .   m - +0 pair of gloves
Will    .....                   (no boots)
Stlth   ..........              (no amulet)
HPRegen 0.15/turn               t - +4 ring of evasion
MPRegen 0.12/turn               u - ring of positive energy

@: lethally poisoned (0 -> -4)
A: high MP 1, forlorn, divine attributes
a: no special abilities


You were on level 3 of the Dungeon.
You visited 1 branch of the dungeon, and saw 3 of its levels.

You collected 141 gold pieces.

Inventory:

Hand Weapons
 a - a +0 falchion (weapon)
Missiles
 d - 3 boomerangs of dispersal
 o - 4 poisoned darts (quivered)
Armour
 b - a +0 leather armour
 i - a +0 plate armour (worn)
 m - a +0 pair of gloves (worn)
 q - a +0 cloak (worn)
Jewellery
 s - a ring of fire
 t - a +4 ring of evasion (left hand)
 u - a ring of positive energy (right hand)
 v - a ring of magical power
Scrolls
 c - a scroll of blinking
 e - 3 scrolls of identify {unknown}
 j - 2 scrolls of vulnerability {unknown}
 k - a scroll of immolation {unknown}
 l - a scroll of acquirement {unknown}
 w - a scroll of fog {unknown}
Potions
 f - 2 potions of curing {unknown}
 g - a potion of magic
 h - a potion of ambrosia {unknown}
 n - a potion of resistance {unknown}
 p - a potion of heal wounds {unknown}
 r - a potion of lignification {unknown}


   Skills:
 + Level 4.1 Fighting
 + Level 4.1 Long Blades
 - Level 0.8 Throwing
 - Level 0.8 Armour
 - Level 2.0 Dodging
 - Level 1.7 Spellcasting
 - Level 2.6 Translocations


You had 5 spell levels left.
You knew the following spells:

 Your Spells              Type           Power      Damage    Failure   Level
a - Blink                 Tloc           18%        N/A       100%        2

Your spell library contained the following spells:

 Spells                   Type           Power      Damage    Failure   Level
 Magic Dart               Conj           4%         1d3       100%        1
 Call Imp                 Summ           1%         N/A       100%        2
 Ensorcelled Hibernation  Hex/Ice        2%         N/A       100%        2
 Gell's Gravitas          Tloc           9%         N/A       100%        3
 Lesser Beckoning         Tloc           9%         N/A       100%        3
 Mephitic Cloud           Conj/Pois/Air  1%         N/A       100%        3
 Spider Form              Tmut/Pois      1%         N/A       100%        3
 Teleport Other           Tloc           9%         N/A       100%        3
 Anguish                  Hex/Necr       0%         N/A       100%        4
 Manifold Assault         Tloc           9%         N/A       100%        5


Dungeon Overview and Level Annotations

Branches:
Dungeon (3/15)

Shops:
D:1 [


Innate Abilities, Weirdness & Mutations

You have an increased reservoir of magic. (+10% MP)
You shall have no god before yourself.
Your divine heritage dramatically boosts your attributes as you level up.


Message History

You hit the orc.
The orc is moderately wounded.
The orc hits you with a +0 mace of venom.
You are poisoned.
The orc hits you but does no damage.
You are more poisoned.
You barely miss the orc.
The orc is moderately wounded.
You feel very sick.
The orc hits you with a +0 mace of venom.
You are more poisoned.
You hit the orc but do no damage.
The orc is moderately wounded.
You feel extremely sick. The orc hits you but does no damage.
You are lethally poisoned!
You barely miss the orc.
The orc is moderately wounded.
You feel extremely sick. The orc completely misses you.
You hit the orc.
You kill the orc!
You feel very sick.
You hit the frilled lizard.
You kill the frilled lizard!
* * * LOW HITPOINT WARNING * * *
You feel very sick.
* * * LOW HITPOINT WARNING * * *
You feel very sick.
* * * LOW HITPOINT WARNING * * *
You feel very sick.
* * * LOW HITPOINT WARNING * * *
You feel sick.
Unknown command.
* * * LOW HITPOINT WARNING * * *
You feel sick.
* * * LOW HITPOINT WARNING * * *
You feel sick.
It was a potion of magic.
Magic courses through your body.
You die...

#...# #....# ##...........
#...# #....# #............
#...# #....###............
#...###....+.#.......♣..♣
#..........#.'........#
#..[....####.'l.......#
###.....# #.#.......♣..♣
######.....## #)#...........
#....'......# #@#............
#.####......###.##...........
#.# #...........###..........
#.# #.#####.##### ##.........
#.# #.# #.#########........
#.# #.#####.........##......
#.#
#.....####<####.############
#.# #####.# #.#
#.##.......... #.# #.####.#
#......#......


There were no monsters in sight!

Vanquished Creatures
  A bullfrog (D:3)
  A scorpion (D:3)
  An adder (D:1)
  3 gnolls
  4 worms
  3 dart slugs
  2 orcs (D:3)
  6 endoplasms
  2 giant cockroaches (D:1)
  8 goblins
  6 hobgoblins
  3 jackals (D:1)
  8 ball pythons
  3 bats (D:2)
  7 frilled lizards
  5 kobolds
  4 rats
67 creatures vanquished.

Notes
Turn   | Place    | Note
-------+----------+-------------------------------------------
     0 | D:1      | Garessta the Demigod Warper began the quest for the Orb.
     0 | D:1      | Reached XP level 1. HP: 17/17 MP: 5/5
   698 | D:1      | Found Azijaig's Antique Armour Shoppe.
   722 | D:1      | Reached XP level 2. HP: 24/24 MP: 7/7
  1783 | D:2      | Reached XP level 3. HP: 30/30 MP: 8/8
  2318 | D:2      | Reached XP level 4. HP: 36/38 MP: 9/9
  3161 | D:3      | Noticed a bullfrog
  3195 | D:2      | Learned a level 2 spell: Blink
  3405 | D:3      | Killed a bullfrog
  3406 | D:3      | Reached XP level 5. HP: 37/46 MP: 10/10
  3911 | D:3      | HP: 1/46 [poisoned by an orc]
  3912 | D:3      | Succumbed to an orc's poison

Illustrated notes

Levels and vault maps discovered:
D:1:      eino_arrival_water_star, layout_basic,
          hellmonk_ecumenical_altar_leap_of_faith, serial_shops, shop_fountains
D:2:      layout_rooms, kennysheep_generic_room_13
D:3:      kennysheep_big_flooded_room, layout_basic,
          grunt_temple_overflow_gold_and_silver, minmay_misc_feat_four_crosses,
          minmay_misc_feat_rugged, minmay_divided_ellipse

Skill      XL: |  1  2  3  4  5 |
---------------+----------------+-----
Fighting       | 2 3 4 |  4.1
Long Blades    | 2 3 4 |  4.1
Dodging        | 2 |  2.0
Throwing       | |  0.8
Armour         | |  0.8
Spellcasting   | |  1.7
Translocations | |  2.6

Action                   |  1- 3 |  4- 6 || total
-------------------------+-------+-------++-------
Melee: Falchion          |   146 |   101 ||   247
       Punch             |     1 |     1 ||     2
Throw: Dart              |     5 |     4 ||     9
       Boomerang         |     1 |     3 ||     4
  Use: Potion            |       |     1 ||     1
Armor: Plate armour      |   152 |    65 ||   217
       Leather armour    |     4 |       ||     4
Dodge: Dodged            |    32 |    25 ||    57

Table legend: (Time is in decaauts)
 A = Elapsed time spent in this place.
 B = Non-inter-level travel time spent in this place.
 C = Inter-level travel time spent in this place.
 D = Time resting spent in this place.
 E = Time spent auto-exploring this place.
 F = Levels seen in this place.
 G = Mean time per level.
                   A        B        C        D        E       F      G
               +--------+--------+--------+--------+--------+-----+--------+
         Total |   3955 |   3862 |     93 |    679 |   2492 |   3 | 1318.3 |
       Dungeon |   3955 |   3862 |     93 |    679 |   2492 |   3 | 1318.3 |
               +--------+--------+--------+--------+--------+-----+--------+

Top non-repeatable levels by time:
     D:1: 1960 daAuts
     D:3: 1095 daAuts
     D:2: 899 daAuts
